Map: Romanticide LE

Players

Geralt (Gerald) - Winner!

  • Race: Protoss Protoss
  • League: Grandmaster

GOStephano (Stephano)

  • Race: Zerg Zerg
  • League: Master

Event: DreamHack SC2 Masters 2021 Summer

VOD

Have the link to the VOD?

Description

Time

  • Played on: May 23, 2021, 1:23 p.m.
  • Length: 9:36

All games in this series

Show
View Real Time Build Order
Export as new Build Order

Geralt Protoss - Winner!

Build Orders: 1 Gate Expand, Oracle Opening 

Get SALT Encoding   

  12  0:00  Probe  
  13  0:12  Probe  
  14  0:19  Pylon  
  14  0:24  Probe  
  15  0:37  Probe (Chrono Boost)  
  15  0:40  Gateway  
  16  0:46  Probe (Chrono Boost)  
  16  0:49  Assimilator  
  17  0:51  Probe (Chrono Boost)  
  18  1:03  Probe  
  19  1:16  Probe  
  20  1:26  Nexus  
  20  1:36  Cybernetics Core  
  20  1:38  Probe  
  21  1:47  Assimilator  
  21  1:51  Probe  
  22  1:54  Pylon  
  22  2:03  Probe  
  23  2:09  Adept (Chrono Boost)  
  23  2:15  Probe  
  26  2:19  Stargate  
  26  2:27  Probe  
  27  2:30  Adept (Chrono Boost)  
  27  2:36  Warp Gate  
  29  2:38  Probe  
  29  2:39  Probe  
  31  2:50  Probe  
  32  2:51  Probe  
  32  2:52  Adept  
  35  3:02  Probe  
  35  3:03  Probe  
  35  3:04  Oracle (Chrono Boost)  
  40  3:14  Probe  
  40  3:17  Probe  
  42  3:24  Gateway  
  42  3:27  Probe  
  43  3:29  Probe  
  43  3:31  Twilight Council  
  43  3:32  Pylon  
  44  3:39  Probe  
  44  3:41  Probe  
  46  3:42  Pylon  
  46  3:44  Gateway  
  46  3:51  Probe, Oracle (Chrono Boost)  
  50  3:58  Probe  
  49  4:06  Probe  
  48  4:10  Probe  
  48  4:12  Nexus  
  48  4:15  Pylon  
  49  4:18  Probe  
  49  4:20  Assimilator  
  49  4:23  Probe  
  51  4:25  Stalker  
  51  4:26  Adept  
  51  4:28  Oracle  
  58  4:34  Probe  
  58  4:39  Adept  
  58  4:40  Probe  
  61  4:46  Probe, Assimilator  
  61  4:47  Pylon  
  61  4:50  Adept x2  
  66  4:56  Forge  
  66  4:58  Twilight Council  
  66  5:03  Adept  
  66  5:04  Probe  
  66  5:06  Probe  
  70  5:10  Adept  
  72  5:16  Probe, Adept  
  72  5:18  Probe  
  76  5:25  Pylon  
  76  5:26  Adept  
  76  5:28  Probe  
  79  5:30  Probe  
  79  5:32  Blink (Chrono Boost)  
  79  5:35  Probe (Chrono Boost)  
  81  5:37  Protoss Ground Weapons Level 1 (Chrono Boost)  
  81  5:40  Probe (Chrono Boost)  
  81  5:41  Stalker x2  
  81  5:42  Probe (Chrono Boost)  
  87  5:44  Pylon  
  87  5:47  Probe (Chrono Boost)  
  88  5:56  Pylon  
  88  6:01  Probe x2  
  88  6:02  Probe  
  91  6:06  Robotics Facility  
  91  6:08  Assimilator  
  91  6:13  Probe  
  91  6:17  Probe x2  
  92  6:18  Sentry x2  
  92  6:19  Sentry  
  92  6:20  Assimilator  
  92  6:22  Pylon  
  92  6:23  Pylon  
  92  6:25  Probe, Gateway x2  
  98  6:29  Probe  
  98  6:32  Gateway  
  100  6:33  Probe  
  100  6:34  Gateway  
  100  6:38  Gateway  
  101  6:42  Stalker x2  
  105  6:47  Shield Battery  
  105  7:02  Probe, Stalker  
  105  7:06  Probe  
  100  7:11  Probe  
  100  7:12  Warp Prism (Chrono Boost)  
  100  7:13  Robotics Bay  
  100  7:14  Probe  
  94  7:15  Robotics Facility  
  94  7:20  Stalker x3  
  94  7:21  Stalker  
  102  7:28  Stalker  
  104  7:35  Nexus  
  104  7:36  Stalker x2  
  108  7:37  Pylon  
  108  7:41  Observer  
  108  7:42  Stalker  
  111  7:48  Stalker x3  
  111  7:49  Stalker  
  119  8:04  Stalker x3  
  113  8:21  Stalker x5  
  113  8:22  Disruptor  
  113  8:25  Disruptor  
  129  8:33  Stalker x2  
  129  8:34  Stalker  
  135  8:47  Stalker x4  
  137  8:54  Stalker  
  137  8:56  Disruptor (Chrono Boost)  
  132  9:03  Disruptor (Chrono Boost)  
  133  9:13  Probe x3  
  136  9:17  Assimilator  
  136  9:19  Assimilator  
  136  9:22  Pylon  
  136  9:24  Stalker x5  
  136  9:25  Zealot x3  
Show
View Real Time Build Order
Export as new Build Order

GOStephano Zerg 

Build Orders: Hatch First 

Get SALT Encoding   

  12  0:00  Drone  
  13  0:12  Overlord  
  13  0:16  Drone  
  14  0:30  Drone x2  
  16  0:47  Hatchery  
  15  0:51  Drone  
  15  0:54  Drone  
  17  0:57  Drone  
  18  1:08  Extractor  
  17  1:13  Spawning Pool  
  17  1:16  Drone  
  17  1:20  Drone  
  18  1:28  Drone  
  19  1:38  Drone  
  20  1:49  Drone  
  21  1:59  Drone, Queen  
  21  2:00  Zergling x2  
  21  2:01  Queen  
  27  2:10  Drone, Overlord  
  28  2:20  Metabolic Boost  
  28  2:30  Drone  
  28  2:31  Hatchery, Zergling x2  
  28  2:34  Drone  
  30  2:40  Queen  
  32  2:45  Overlord  
  32  2:48  Drone  
  33  2:53  Drone  
  33  2:57  Drone x2  
  36  3:12  Drone x5  
  40  3:18  Drone  
  40  3:21  Queen  
  40  3:26  Drone, Overlord  
  43  3:33  Spore Crawler  
  42  3:35  Spore Crawler  
  42  3:36  Overlord  
  42  3:38  Zergling x2  
  42  3:44  Zergling x2  
  42  3:45  Zergling x2  
  44  3:59  Drone x7  
  44  4:00  Drone  
  49  4:07  Drone x2  
  49  4:08  Drone  
  52  4:15  Spore Crawler  
  52  4:17  Overlord  
  51  4:19  Zergling x2  
  51  4:20  Zergling x2  
  53  4:26  Zergling x2  
  53  4:27  Overlord  
  53  4:28  Drone x3  
  53  4:31  Extractor  
  56  4:32  Extractor  
  56  4:35  Drone x2  
  57  4:38  Zergling x2  
  57  4:39  Lair  
  57  4:40  Drone x2  
  57  4:44  Evolution Chamber  
  57  4:45  Roach Warren, Overlord  
  57  4:51  Queen  
  59  4:53  Drone x2  
  59  4:56  Drone x2  
  59  4:59  Drone x2  
  65  5:01  Overlord  
  65  5:04  Drone  
  65  5:06  Drone x2  
  68  5:11  Drone x3  
  71  5:15  Drone x3  
  71  5:20  Drone  
  75  5:23  Zerg Missile Weapons Level 1  
  75  5:26  Zergling x10  
  80  5:34  Extractor x2, Overlord  
  78  5:40  Glial Reconstitution  
  78  5:41  Roach x6  
  90  5:44  Overseer  
  90  5:52  Drone x3  
  93  5:57  Spore Crawler  
  93  5:59  Queen  
  93  6:01  Drone  
  90  6:12  Zergling x10  
  90  6:13  Zergling x8  
  97  6:23  Hydralisk Den  
  97  6:24  Drone x2, Extractor  
  97  6:25  Overlord  
  97  6:30  Hatchery  
  97  6:32  Overlord  
  96  6:33  Drone  
  96  6:38  Overlord  
  96  6:39  Hatchery  
  96  6:44  Evolution Chamber  
  95  6:54  Drone x7  
  97  7:06  Drone x10  
  99  7:10  Evolution Chamber  
  99  7:14  Drone  
  99  7:20  Infestation Pit  
  98  7:31  Overlord  
  98  7:34  Overlord  
  98  7:36  Hydralisk x2, Zerg Ground Armor Level 1  
  98  7:37  Hydralisk x7  
  98  7:41  Grooved Spines  
  115  7:47  Extractor x2, Drone x3  
  115  7:48  Drone x3  
  119  7:53  Queen  
  119  7:54  Hydralisk  
  119  7:55  Hydralisk x2  
  128  7:58  Zergling x6  
  128  7:59  Zergling x2  
  128  8:04  Ravager  
  128  8:05  Ravager x2  
  131  8:07  Zergling x12  
  132  8:13  Hydralisk x3  
  132  8:16  Zergling x4  
  130  8:24  Hydralisk x2  
  134  8:27  Zergling x4  
  134  8:32  Zergling x10  
  137  8:36  Zergling x10  
  131  8:44  Pneumatized Carapace  
  131  8:47  Roach x5  
  122  8:54  Roach x4  
  127  9:00  Zergling x10  
  127  9:01  Zergling x2  
  126  9:09  Lurker Den  
  123  9:14  Drone x4  
  123  9:15  Drone x2  
  123  9:16  Drone  
Tags
 
Add a new tag
Caveats
  • Supply blocks, unpowered buildings, or Contaminate may cause inaccurate times.
  • Supply counts are checked every 10 seconds.